 Dungeon Crawl Stone Soup version 0.28-a0-674-gdaf460b524 (webtiles) character file.

Game seed: 13097057196112640490

3331 jasper the Skirmisher (level 9, -4/72 HPs)
             Began as a Demonspawn Artificer on Oct 18, 2021.
             Slain by an orc warrior (9 damage)
             ... on level 8 of the Dungeon.
             The game lasted 00:10:37 (7106 turns).

jasper the Skirmisher (Demonspawn Artificer)        Turns: 7106, Time: 00:10:37

Health: -4/72      AC:  9    Str: 14    XL:     9   Next: 71%
Magic:  9/9        EV: 13    Int: 16    God:
Gold:   340        SH:  6    Dex: 14    Spells: 3/8 levels left

rFire   + . .      SeeInvis .   w - +3 war axe (elec)
rCold   + . .      Faith    .   p - +1 buckler
rNeg    + . .      Spirit   .   t - +0 ring mail
rPois   +          Reflect  .   f - +2 helmet
rElec   .          Harm     .   q - scarf {rC+ rF+}
rCorr   .          Rampage  .   (no gloves)
Will    .....                   (no boots)
Stlth   +.........              (no amulet)
HPRegen 0.22/turn               v - ring of positive energy
MPRegen 0.11/turn               r - ring of poison resistance

@: very slightly contaminated, invisible
A: ignite blood 1, powered by death 1, big brain 1
a: no special abilities


You were on level 8 of the Dungeon.
You visited 2 branches of the dungeon, and saw 9 of its levels.

You collected 340 gold pieces.

Inventory:

Hand Weapons
 a - a +0 club
 c - a +0 trident
 j - a +0 spear
 n - a +0 whip
 s - a +0 dagger
 w - a +3 war axe of electrocution (weapon)
 x - a +0 flail of protection
 z - a +0 morningstar
Missiles
 i - 11 bolts
 l - 6 boomerangs (quivered)
 m - 3 silver javelins
Armour
 b - a +0 leather armour
 f - a +2 helmet (worn)
 h - a +0 scale mail
 p - a +1 buckler (worn)
 q - a scarf of resistance (worn)
 t - a +0 ring mail (worn)
 u - a +0 helmet
Jewellery
 r - a ring of poison resistance (right hand)
 v - a ring of positive energy (left hand)
 y - a ring of positive energy
Wands
 d - a wand of charming (6)
 E - a wand of polymorph (10)
Scrolls
 g - 2 scrolls of amnesia
 o - a scroll of fog
Potions
 k - 2 potions of mutation
 A - 2 potions of ambrosia
 B - a potion of invisibility
 C - a potion of attraction {unknown}
 D - a potion of haste
Miscellaneous
 e - a piece from Xom's chessboard (15/15)


   Skills:
 + Level 7.4 Fighting
 + Level 7.0 Armour
 + Level 7.0 Dodging
 - Level 0.8 Stealth
 - Level 4.0 Shields
 - Level 3.0 Evocations


You had 3 spell levels left.
You knew the following spells:

 Your Spells              Type           Power      Damage    Failure   Level
a - Silence               Hex/Air        0%         N/A       100%        5

Your spell library contained the following spells:

 Spells                   Type           Power      Damage    Failure   Level
 Summon Small Mammal      Summ           0%         N/A       43%         1
 Call Canine Familiar     Summ           0%         N/A       80%         3
 Summon Guardian Golem    Hex/Summ       0%         N/A       80%         3
 Passage of Golubria      Tloc           0%         N/A       99%         4
 Lehudib's Crystal Spear  Conj/Erth      0%         10d2      100%        8


Dungeon Overview and Level Annotations

Branches:
Dungeon (8/15)             Temple (1/1) D:7
   Lair: D:8-11

Altars:
Ashenzari
Cheibriados
Dithmenos
Elyvilon
Fedhas
Gozag
Hepliaklqana
Kikubaaqudgha
Makhleb
Okawaru
Qazlal
Ru
Sif Muna
Trog
Uskayaw
Vehumet
Wu Jian
Xom
Yredelemnul
Zin
The Shining One

Annotations:
D:4 Blork the orc
D:7 2 transporters, Woods's ghost, novice DrTm


Innate Abilities, Weirdness & Mutations

Your demonic aura sometimes causes spilled blood to erupt in flames.
You regenerate a little health from kills.
You have an unusually large brain. (Int +2)


Message History

The howler monkey hits you but does no damage.
You block the howler monkey's attack.
The gnoll sergeant hits you but does no damage.
An orc warrior comes into view. It is wielding a +0 long sword.
The howler monkey closely misses you.
The howler monkey hits you but does no damage.
You regained 2 hp, and now have 15/72 hp.
You slash the howler monkey!
The howler monkey is severely wounded.
You hit the gnoll sergeant but do no damage.
You closely miss the howler monkey.
The gnoll sergeant hits you with a +4 vampiric spear.
* * * LOW HITPOINT WARNING * * *
You block the howler monkey's attack. x2
The gnoll sergeant hits you with a +4 vampiric spear.
* * * LOW HITPOINT WARNING * * *
The howler monkey barely misses you.
You take 8 damage, and have 7/72 hp.
You fade into invisibility!
The howler monkey hits you but does no damage. x2
The gnoll sergeant closely misses you.
The howler monkey hoots and howls with incredible vigour!
The orc wizard hits you but does no damage.
You hear a croak.
You are very lightly contaminated with residual magic.
You hit the gnoll sergeant.
The gnoll sergeant is lightly wounded.
You hit the orc wizard. You hit the howler monkey.
Lightning courses through the howler monkey!
You kill the howler monkey!
You hit the howler monkey.
You kill the howler monkey!
The gnoll sergeant hits you with a +4 vampiric spear.
* * * LOW HITPOINT WARNING * * *
The orc wizard hits you with a +0 dagger.
* * * LOW HITPOINT WARNING * * *
You take 3 damage, and have 5/72 hp.
An orc comes into view.
It is wielding a +1 short sword of draining.
The orc warrior hits you with a +0 long sword!
You die...

#♣ ♣# .♣ ♣.
.♣o ♣.♣
##♣'♣## ♣♣.
#..@o.#.....
+.o8g.'..♣
#..>..#.....
##♣+♣## ♣♣♣.


You could see an orc warrior, a gnoll sergeant, an orc wizard and an orc
(wandering).

Vanquished Creatures
  Pikel (D:6)
  Prince Ribbit (D:6)
  Sigmund (D:5)
  2 steam dragons
  Edmund (D:6)
  An orc warrior (D:7)
  A water moccasin (D:6)
  2 sky beasts
  An ice beast (D:8)
  2 necrophages
  2 centaurs
  A lemure (D:6)
  A phantom (D:7)
  A kobold brigand (D:8)
  A wyvern zombie (D:7)
  A scorpion (D:6)
  3 wyvern skeletons
  A water moccasin zombie (D:5)
  A water moccasin skeleton (D:5)
  4 howler monkeys (D:8)
  4 wights (D:7)
  3 centaur zombies
  A bullfrog skeleton (D:6)
  3 orc priests
  A hound (D:5)
  An iguana (D:7)
  2 orc wizards
  A scorpion zombie (D:5)
  A killer bee zombie (D:5)
  A hound skeleton (D:4)
  An adder (D:6)
  A white imp (D:5)
  4 ufetubi
  2 worms (D:2)
  A dart slug (D:4)
  17 orcs
  5 endoplasms
  2 giant cockroaches
  8 goblins
  6 hobgoblins
  4 jackals (D:1)
  A quokka (D:1)
  4 ball pythons
  10 bats
  5 frilled lizards
  5 kobolds
  3 rats
126 creatures vanquished.

Vanquished Creatures (collateral kills)
  2 orcs (D:5)
2 creatures vanquished.

Vanquished Creatures (others)
  A necrophage (D:8)
  An orc (D:5)
  A plant (D:8)
3 creatures vanquished.

Grand Total: 131 creatures vanquished

Notes
Turn   | Place    | Note
-------+----------+-------------------------------------------
     0 | D:1      | jasper the Demonspawn Artificer began the quest for the
                  | Orb.
     0 | D:1      | Reached XP level 1. HP: 15/15 MP: 1/1
    29 | D:1      | Reached skill level 1 in Dodging
   274 | D:1      | Gained mutation: You regenerate a little health from kills.
                  | [demonic ancestry]
   274 | D:1      | Reached XP level 2. HP: 19/21 MP: 2/2
   895 | D:1      | Gained mutation: You have an unusually large brain. (Int
                  | +2) [demonic ancestry]
   895 | D:1      | Reached XP level 3. HP: 27/27 MP: 3/3
  2705 | D:4      | Gained mutation: Your demonic aura sometimes causes spilled
                  | blood to erupt in flames. [demonic ancestry]
  2705 | D:4      | Reached XP level 4. HP: 31/33 MP: 4/4
  2712 | D:4      | Noticed a water moccasin
  2747 | D:4      | Noticed Blork the orc
  2840 | D:5      | Entered Level 5 of the Dungeon
  2902 | D:5      | Noticed Sigmund
  2909 | D:5      | Reached skill level 1 in Shields
  2922 | D:5      | Killed Sigmund
  2923 | D:5      | Reached XP level 5. HP: 41/41 MP: 5/5
  2923 | D:5      | Reached XP level 6. HP: 47/47 MP: 6/6
  3279 | D:5      | Learned a level 5 spell: Silence
  3539 | D:5      | Reached XP level 7. HP: 23/53 MP: 7/7
  5080 | D:6      | Reached XP level 8. HP: 43/61 MP: 8/8
  5237 | D:6      | Noticed Pikel
  5244 | D:6      | Noticed Edmund
  5271 | D:6      | Killed Pikel
  5272 | D:6      | Reached skill level 5 in Fighting
  5272 | D:6      | Reached skill level 5 in Armour
  5272 | D:6      | Reached skill level 5 in Dodging
  5285 | D:6      | Killed Edmund
  5486 | D:6      | Noticed Prince Ribbit
  5494 | D:6      | Killed Prince Ribbit
  5622 | D:6      | Reached XP level 9. HP: 69/69 MP: 9/9
  5760 | D:6      | Found a hazy altar of Hepliaklqana.
  6308 | D:7      | Found a transporter.
  6314 | D:7      | Noticed a moth of wrath
  6315 | D:7      | Found a bloodstained altar of Trog.
  6317 | D:7      | Noticed Woods's ghost (novice DrTm)
  6326 | D:7      | Found a transporter.
  6327 | D:7      | Noticed a troll
  6385 | D:7      | Found a staircase to the Ecumenical Temple.
  6397 | Temple   | Entered the Ecumenical Temple
  7106 | D:8      | Slain by an orc warrior

Illustrated notes

Levels and vault maps discovered:
D:1:      dpeg_arrival_arbitrary_b, layout_loops_ring, st_stairs_11,
          minmay_misc_feat_room
D:2:      layout_loops_cross, minmay_stone_trees_medium,
          kennysheep_cluttered_room, minmay_misc_feat_x
D:3:      layout_rooms
D:4:      layout_rooms, uniq_blork_the_orc
D:5:      layout_loops_ring, serial_glass, glass_columns_c, glass_columns_b,
          uniq_sigmund
D:6:      layout_basic, nicolae_hepliaklqana_hippocampus, uniq_edmund,
          uniq_prince_ribbit1, uniq_pikel
D:7:      cheibrodos_quashed, layout_loops_ring,
          minmay_temple_entry_stoned_glass, gammafunk_ghost_wrathful_warriors
D:8:      nzn_winding_woodlands_stair_cross [nzn_winding_woodlands_5x15_pockets,
          nzn_winding_woodlands_center_lodge,
          nzn_winding_woodlands_5x15_concentric,
          nzn_winding_woodlands_5x5_checkerboard,
          nzn_winding_woodlands_5x5_default,
          nzn_winding_woodlands_5x15_pathside_ponds,
          nzn_winding_woodlands_center_triple_pond,
          nzn_winding_woodlands_5x15_longhouse], layout_basic
Temple:   regret_index_temple_chain_breaker

Skill      XL: |  1  2  3  4  5  6  7  8  9 |
---------------+----------------------------+-----
Dodging        | 1 2 3 4 5 7 |  7.0
Armour         | 2 3 4 5 7 |  7.0
Fighting       | 2 3 4 6 7 |  7.4
Shields        | 1 2 3 4 |  4.0
Stealth        | |  0.8
Evocations     | |  3.0

Action                   |  1- 3 |  4- 6 |  7- 9 || total
-------------------------+-------+-------+-------++-------
Melee: Club              |    27 |       |       ||    27
       Spear             |   172 |    44 |       ||   216
       Trident           |       |    61 |    16 ||    77
       War axe           |       |       |   214 ||   214
Throw: Boomerang         |    53 |       |     1 ||    54
Evoke: Wand              |    14 |     9 |     1 ||    24
       Piece from Xom's  |       |       |     1 ||     1
  Use: Scroll            |     6 |     1 |     5 ||    12
       Potion            |       |       |     3 ||     3
 Stab: Sleeping          |     1 |       |       ||     1
Armor: Scale mail        |    86 |    42 |       ||   128
       Leather armour    |     3 |       |       ||     3
       Ring mail         |       |    39 |   149 ||   188
Dodge: Dodged            |   104 |    97 |   174 ||   375
Block: Buckler           |    16 |    38 |    87 ||   141

Table legend: (Time is in decaauts)
 A = Elapsed time spent in this place.
 B = Non-inter-level travel time spent in this place.
 C = Inter-level travel time spent in this place.
 D = Time resting spent in this place.
 E = Time spent auto-exploring this place.
 F = Levels seen in this place.
 G = Mean time per level.
                   A        B        C        D        E       F      G
               +--------+--------+--------+--------+--------+-----+--------+
         Total |   7295 |   7133 |    162 |    926 |   4681 |   9 |  810.6 |
       Dungeon |   7164 |   7017 |    147 |    926 |   4583 |   8 |  895.5 |
        Temple |    131 |    116 |     15 |      0 |     98 |   1 |  131.0 |
               +--------+--------+--------+--------+--------+-----+--------+

Top non-repeatable levels by time:
     D:5: 2004 daAuts
     D:6: 1318 daAuts
     D:1: 1159 daAuts
     D:2: 931 daAuts
     D:7: 913 daAuts
     D:3: 434 daAuts
     D:4: 368 daAuts
  Temple: 131 daAuts
     D:8: 33 daAuts
